Workbook

Sheet Bordereau sans prix
F2: 45901
A3: Travaux d'aménagement de la Trésorerie Provinciale de TINGHIR en tout corps d'état
A5: Prix N° | B5: Désignation des ouvrages | C5: Unité | D5: Qté | E5: PU/ DH H.T. | F5: P.T HT
B7: I-Travaux préliminaires d’aménagement
A8: I-1 | B8: Dépose des installations et équipements existants | C8: Forfait | D8: 1
A9: I-2 | B9: Dépose des revêtement des murs des sanitaires et cuisine | C9: M² | D9: =+métré!I19 -> 67
A10: I-3 | B10: Dépose des revêtements des sols des sanitaires et cuisine y compris forme | C10: M² | D10: =+métré!I26 -> 24
A11: I-4 | B11: Démolition des murs d'épaisseur 10 cm y compris évacuation | C11: M² | D11: =+métré!I38 -> 29
A12: I-5 | B12: Démolition des dalettes ,paillasses et renformis de placards | C12: M² | D12: 30
B13: SOUS TOTAL I- Travaux préliminaires d’aménagement
B14: II-Travaux d'assainissement
A15: II-1 | B15: Regards en béton d'assainissement de dimension intérieurs de 50 cm y compris tampons en fontes-Profondeurs variables | C15: U | D15: 16
A16: II-2 | B16: Buses d'assainissement en PVC série 2, de diamètre 200 | C16: ML | D16: 100
A17: II-3 | B17: Branchement à l'égout publique y compris démarches administratives | C17: Ens | D17: 1
A18: II-4 | B18: Traversée des maçonneries ou des voiles en béton des buses ou des canalisation d'assainissement y compris réfection et étanchéité des ouvrages traversés | C18: U | D18: 15
A19: II-5 | B19: Construction d'un caniveau en béton pour évacuation des eaux pluviales vers la voirie extérieure y compris grille | C19: ML | D19: 22
B20: SOUS TOTAL II- -Travaux d'assainissement
B21: III-Travaux de constructions et d'aménagement
A22: III-1 | B22: Construction cloisons en briques creuses de 7 cm y compris enduit de ciment | C22: M² | D22: =+métré!I60 -> 27
A23: III-2 | B23: Reprise des revêtements existants suite travaux de démolitions ou d'assainissement y compris dalle support et formes. | C23: M² | D23: 50
A24: III-3 | B24: Revêtement mural en carreaux grés Céram de 30 x 60 cm | C24: M² | D24: =+métré!I73 -> 67
A25: III-4 | B25: Revêtement du sol en carreaux grés Céram de 30 x 30 cm anti dérapants | C25: M² | D25: =+métré!I80 -> 24
A26: III-5 | B26: Remplacement de la quincaillerie des portes en bois | C26: U | D26: 20
A27: III-6 | B27: Remplacement de la quincaillerie de la porte principale en aluminium | C27: U | D27: 1
A28: III-7 | B28: Remplacement de la quincaillerie de la porte arrière en aluminium | C28: U | D28: 1
A29: III-8 | B29: Remplacement de la quincaillerie des portes métallique baraudés ou pleines à 1 ou 2 vantux | C29: U | D29: 6
A30: III-9 | B30: Entretien de la quincaillerie des fenêtres en aluminium à deux vantaux coulissants | C30: U | D30: 16
A31: III-10 | B31: Entretien de la quincaillerie des fenêtres en aluminium à un vantail battant | C31: U | D31: 12
A32: III-11 | B32: Fourniture et pose de stores en tissu à enroulement | C32: M² | D32: =+métré!I95 -> 45
A33: III-12 | B33: Réfection peinture glycérophtalique mat sur bois des portes | C33: M² | D33: =+métré!I100 -> 93
A34: III-13 | B34: Réfection peinture glycérophtalique sur ferronnerie, | C34: M² | D34: =+métré!I118 -> 173
A35: III-14 | B35: Réfection peinture des murs intérieures | C35: M² | D35: =+métré!I145 -> 2080
A36: III-15 | B36: Réfection peinture vinylique des plafonds | C36: M² | D36: =+métré!I154 -> 113
A37: III-16 | B37: Réfection peinture vinylique des façades | C37: M² | D37: =+métré!I164 -> 1118
A38: III-17 | B38: Réparation et colmatage des fissures profondes des murs | C38: ML | D38: 15
A39: III-18 | B39: Réparation et colmatage des fissures superficielles des murs | C39: ML | D39: 15
A40: III-19 | B40: Réparation et colmatage des fissures profondes des sols | C40: ML | D40: 15
A41: III-20 | B41: Réfection de l'étanchéité des terrasses et salle d'eau de l'étage aux endroits détériorés y compris revêtement | C41: M² | D41: 160
A42: III-21 | B42: Fourniture et pose d'une porte blindée pour chambre forte doublée de l’intérieur d’une porte métallique barreaudée | C42: ENS | D42: 1
A43: III-22 | B43: Meuble bas de cuisine à une ou 2 portes / profondeur : 60 cm, hauteur: 88 cm | C43: ML | D43: 2.4
A44: III-23 | B44: Meuble bas bloc de 4 tiroirs de dimension 42 x 60 x 88 cm | C44: U | D44: 1
A45: III-24 | B45: Meuble haut de cuisine à une ou 2 portes / profondeur : 35 cm, hauteur: 68 cm | C45: Ml | D45: 2.8
A46: III-25 | B46: Plaque de cuisson à gaz à 4 feux | C46: U | D46: 1
A47: III-26 | B47: Ponçage et lustrage du revêtement granito poli existant y compris plinthes | C47: M² | D47: =+métré!I179 -> 251
B48: SOUS TOTAL II- Travaux de constructions et d'aménagement
B49: IV- FAUX PLAFOND
A50: IV-1 | B50: Fourniture et pose faux plafond modulaire 60 x 60 cm en plâtre allégé | C50: M² | D50: =+métré!I196 -> 150
A51: IV-2 | B51: Fourniture et pose des trappes de visite 60 x 60 cm pour faux plafond en plâtre lisse | C51: U | D51: 1
A52: IV-3 | B52: Fourniture et pose des trappes de visite 30 x 30 cm pour faux plafond en plâtre lisse | C52: U | D52: 3
B53: SOUS TOTAL III- FAUX PLAFOND
B54: V- ÉLECTRICITÉ COURANTS FORTS
B55: BRANCHEMENT REGIE ET ALIMENTATIONS ELETRIQUES
A56: V-1 | B56: Remplacement du coffret de comptage et branchement | C56: ENS | D56: 1
A57: V-2 | B57: Cable 5G16 mm2 U1000RO2V | C57: ML | D57: 10
A58: V-3 | B58: Mise à la terre | C58: ENS | D58: 1
B59: TABLEAUX ELECTRIQUES
A60: V-4 | B60: Fourniture et pose d'un nouveau tableau électrique pour la protection de tous les équipements selon plan du bureau d'étude. | C60: ENS | D60: 1
B61: ALIMENTATIONS ELECTRIQUES DES LUMINAIRES ET PRISES
A62: V-5 | B62: Foyers lumineux en câble 3G1,5 mm² y compris tubage isogris diam 16 | C62: U | D62: =+métré!I224 -> 23
A63: V-6 | B63: Foyers lumineux supplémentaires dans les faux plafonds en câble 3G1,5 mm² y compris tubage isogris diam 16 | C63: U | D63: =+métré!I251 -> 128
A64: V-7 | B64: Foyers des prises de courants 2P+T encastrés dans les murs en câble 3G2,5 mm² et tubage isogris diam 16 depuis le tableau électrique | C64: U | D64: =+métré!I280 -> 26
A65: V-8 | B65: Foyers prises de courants 2P+T supplémentaires encastrés dans les murs en câble 3G2,5 mm² et tubage isogris diam 16 depuis le foyer prise principal | C65: U | D65: =+métré!I309 -> 167
A66: V-9 | B66: Alimentations électriques en câble 3 x 2,5 mm² U1000RO2V depuis le tableau électrique y compris tubage isogris diam 20 | C66: ML | D66: =+métré!I329 -> 17
A67: V-10 | B67: Alimentations électriques en câble 3 x 1,5 mm² U1000RO2V depuis le tableau électrique y compris tubage isogris diam 16 | C67: ML | D67: 3
A68: V-11 | B68: Fourniture et pose Boîte de dérivation principale | C68: U | D68: 17
A69: V-12 | B69: Fourniture et pose Boîte de dérivation secondaire | C69: U | D69: 32
B70: ECLAIRAGE DE SECURITE
A71: V-13 | B71: Bloc de balisage de sécurité 70 lumens | C71: U | D71: 3
A72: V-14 | B72: Bloc de secours d'ambiance 350 lumens | C72: U | D72: 3
B73: APPREILLAGE
A74: V-15 | B74: Interrupteur simple allumage | C74: U | D74: =+métré!I346 -> 18
A75: V-16 | B75: Interrupteur double allumage | C75: U | D75: =+métré!I357 -> 7
A76: V-17 | B76: Interrupteur va et vient | C76: U | D76: 4
A77: V-18 | B77: Prise de courant 2P+T 16A | C77: U | D77: =+métré!I384 -> 190
A78: V-19 | B78: Interrupteur crépusculaire | C78: U | D78: 2
B79: LUSTRERIE
A80: V-20 | B80: Luminaire carré de 60 x 60 cm encastré avec lampe led 3630 lumens | C80: U | D80: =+métré!I397 -> 54
A81: V-21 | B81: Spot panel led rond encastré led 1530 lumens | C81: U | D81: =+métré!I406 -> 45
A82: V-22 | B82: Spot led rond encastré avec lampe led GU 10 -575 lumens | C82: U | D82: 9
A83: V-23 | B83: Spot led rond encastré étanche avec lampe 400 lumens | C83: U | D83: 20
A84: V-24 | B84: Hublot avec lampe led 11 watt E27, 1500 lumens | C84: U | D84: 25
A85: V-25 | B85: Projecteur solaire led 10 000 lumens | C85: U | D85: 6
B86: SOUS TOTAL IV- ÉLECTRICITÉ COURANTS FORTS
B87: VI. - PRECABLAGE CAT 6A INFORMATIQUE ET TELEPHONIQUE
A88: VI-1 | B88: Armoire de brassage 19" 42U L800 P1000 | C88: U | D88: 1
A89: VI-2 | B89: Panneaux de brassage 24 ports CAT 6A FTP informatique et téléphonique avec son passe fil et balai | C89: U | D89: 4
A90: VI-3 | B90: Prises RJ45 cat 6A FTP | C90: U | D90: =+métré!I439 -> 89
A91: VI-4 | B91: Cable RJ45 CAT6A FTP posé en encastré dans les murs | C91: ML | D91: =+métré!I484 -> 1960
A92: VI-5 | B92: Cordon de liaisons cat 6A FTP 3 ML | C92: U | D92: =+D90 -> 89
A93: VI-6 | B93: Cordon de brassage cat 6A FTP 1,5 ML | C93: U | D93: =+D90 -> 89
A94: VI-7 | B94: Cable téléphonique armé 28 paires sous gaine métalloplastique | C94: ML | D94: 35
A95: VI-8 | B95: Répartiteur téléphonique 14 paires | C95: U | D95: 1
A96: VI-9 | B96: Onduleur on-line 1600 VA monophasé | C96: U | D96: 1
A97: VI-10 | B97: Onduleur on-line 500 VA monophasé | C97: U | D97: 18
A98: VI-11 | B98: Cordons de liaisons électrique 2P+T- Male/Male | C98: U | D98: 20
B99: TOTAL PRECABLAGE CAT6A INFORMATIQUE/TELEPHONIQUE
B100: VII-CLIMATISATION -VMC
A101: VII-1 | B101: Déplacement Split système inverter type mural en 407 C ou 410 ; 9000 BTU | C101: U | D101: 1
A102: VII-2 | B102: Split système inverter type mural en 407 C ou 410 ; 12000 BTU | C102: U | D102: =+métré!I499 -> 7
A103: VII-3 | B103: Split système inverter type mural en 407 C ou 410 ; 9000 BTU | C103: U | D103: =+métré!I505 -> 3
...

Sheet Bordereau estimatif
A2: Travaux d’aménagement et d’installation à la Trésorerie Provinciale de Tinghir en lot unique.
A4: Prix N° | B4: Désignation des ouvrages | C4: Unité | D4: Qté | E4: PU/ DH H.T. | F4: P.T HT
B6: I-Travaux préliminaires d’aménagement
A7: I-1 | B7: Dépose des installations et équipements existants | C7: Forfait | D7: 1 | F7: =+ROUND(D7*E7,2) -> 0
A8: I-2 | B8: Dépose des revêtement des murs des sanitaires et cuisine | C8: M² | D8: =+métré!I19 -> 67 | F8: =+ROUND(D8*E8,2) -> 0
A9: I-3 | B9: Dépose des revêtements des sols des sanitaires et cuisine y compris forme | C9: M² | D9: =+métré!I26 -> 24 | F9: =+ROUND(D9*E9,2) -> 0
A10: I-4 | B10: Démolition des murs d'épaisseur 10 cm y compris évacuation | C10: M² | D10: =+métré!I38 -> 29 | F10: =+ROUND(D10*E10,2) -> 0
A11: I-5 | B11: Démolition des dalettes ,paillasses et renformis de placards | C11: M² | D11: 30 | F11: =+ROUND(D11*E11,2) -> 0
B12: SOUS TOTAL I- Travaux préliminaires d’aménagement | F12: =SUM(F7:F11) -> 0
B13: II-Travaux d'assainissement
A14: II-1 | B14: Regards en béton d'assainissement de dimension intérieurs de 50 cm y compris tampons en fontes-Profondeurs variables | C14: U | D14: 16 | F14: =+ROUND(D14*E14,2) -> 0
A15: II-2 | B15: Buses d'assainissement en PVC série 2, de diamètre 200 | C15: ML | D15: 100 | F15: =+ROUND(D15*E15,2) -> 0
A16: II-3 | B16: Branchement à l'égout publique y compris démarches administratives | C16: Ens | D16: 1 | F16: =+ROUND(D16*E16,2) -> 0
A17: II-4 | B17: Traversée des maçonneries ou des voiles en béton des buses ou des canalisation d'assainissement y compris réfection et étanchéité des ouvrages traversés | C17: U | D17: 15 | F17: =+ROUND(D17*E17,2) -> 0
A18: II-5 | B18: Construction d'un caniveau en béton pour évacuation des eaux pluviales vers la voirie extérieure y compris grille | C18: ML | D18: 22 | F18: =+ROUND(D18*E18,2) -> 0
B19: SOUS TOTAL II- -Travaux d'assainissement | F19: =SUM(F14:F18) -> 0
B20: III-Travaux de constructions et d'aménagement
A21: III-1 | B21: Construction cloisons en briques creuses de 7 cm y compris enduit de ciment | C21: M² | D21: =+métré!I60 -> 27 | F21: =+ROUND(D21*E21,2) -> 0
A22: III-2 | B22: Reprise des revêtements existants suite travaux de démolitions ou d'assainissement y compris dalle support et formes. | C22: M² | D22: 50 | F22: =+ROUND(D22*E22,2) -> 0
A23: III-3 | B23: Revêtement mural en carreaux grés Céram de 30 x 60 cm | C23: M² | D23: =+métré!I73 -> 67 | F23: =+ROUND(D23*E23,2) -> 0
A24: III-4 | B24: Revêtement du sol en carreaux grés Céram de 30 x 30 cm anti dérapants | C24: M² | D24: =+métré!I80 -> 24 | F24: =+ROUND(D24*E24,2) -> 0
A25: III-5 | B25: Remplacement de la quincaillerie des portes en bois | C25: U | D25: 20 | F25: =+ROUND(D25*E25,2) -> 0
A26: III-6 | B26: Remplacement de la quincaillerie de la porte principale en aluminium | C26: U | D26: 1 | F26: =+ROUND(D26*E26,2) -> 0
A27: III-7 | B27: Remplacement de la quincaillerie de la porte arrière en aluminium | C27: U | D27: 1 | F27: =+ROUND(D27*E27,2) -> 0
A28: III-8 | B28: Remplacement de la quincaillerie des portes métallique baraudés ou pleines à 1 ou 2 vantux | C28: U | D28: 6 | F28: =+ROUND(D28*E28,2) -> 0
A29: III-9 | B29: Entretien de la quincaillerie des fenêtres en aluminium à deux vantaux coulissants | C29: U | D29: 16 | F29: =+ROUND(D29*E29,2) -> 0
A30: III-10 | B30: Entretien de la quincaillerie des fenêtres en aluminium à un vantail battant | C30: U | D30: 12 | F30: =+ROUND(D30*E30,2) -> 0
A31: III-11 | B31: Fourniture et pose de stores en tissu à enroulement | C31: M² | D31: =+métré!I95 -> 45 | F31: =+ROUND(D31*E31,2) -> 0
A32: III-12 | B32: Réfection peinture glycérophtalique mat sur bois des portes | C32: M² | D32: =+métré!I100 -> 93 | F32: =+ROUND(D32*E32,2) -> 0
A33: III-13 | B33: Réfection peinture glycérophtalique sur ferronnerie, | C33: M² | D33: =+métré!I118 -> 173 | F33: =+ROUND(D33*E33,2) -> 0
A34: III-14 | B34: Réfection peinture des murs intérieures | C34: M² | D34: =+métré!I145 -> 2080 | F34: =+ROUND(D34*E34,2) -> 0
A35: III-15 | B35: Réfection peinture vinylique des plafonds | C35: M² | D35: =+métré!I154 -> 113 | F35: =+ROUND(D35*E35,2) -> 0
A36: III-16 | B36: Réfection peinture vinylique des façades | C36: M² | D36: =+métré!I164 -> 1118 | F36: =+ROUND(D36*E36,2) -> 0
A37: III-17 | B37: Réparation et colmatage des fissures profondes des murs | C37: ML | D37: 30 | F37: =+ROUND(D37*E37,2) -> 0
A38: III-18 | B38: Réparation et colmatage des fissures superficielles des murs | C38: ML | D38: 30 | F38: =+ROUND(D38*E38,2) -> 0
A39: III-19 | B39: Réparation et colmatage des fissures profondes des sols | C39: ML | D39: 30 | F39: =+ROUND(D39*E39,2) -> 0
A40: III-20 | B40: Réfection de l'étanchéité des terrasses et salle d'eau de l'étage aux endroits détériorés y compris revêtement | C40: M² | D40: 160 | F40: =+ROUND(D40*E40,2) -> 0
A41: III-21 | B41: Fourniture et pose d'une porte blindée pour chambre forte doublée de l’intérieur d’une porte métallique barreaudée | C41: ENS | D41: 1 | F41: =+ROUND(D41*E41,2) -> 0
A42: III-22 | B42: Meuble bas de cuisine à une ou 2 portes / profondeur : 60 cm, hauteur: 88 cm | C42: ML | D42: 2.4 | F42: =+ROUND(D42*E42,2) -> 0
A43: III-23 | B43: Meuble bas bloc de 4 tiroirs de dimension 42 x 60 x 88 cm | C43: U | D43: 1 | F43: =+ROUND(D43*E43,2) -> 0
A44: III-24 | B44: Meuble haut de cuisine à une ou 2 portes / profondeur : 35 cm, hauteur: 68 cm | C44: Ml | D44: 2.8 | F44: =+ROUND(D44*E44,2) -> 0
A45: III-25 | B45: Plaque de cuisson à gaz à 4 feux | C45: U | D45: 1 | F45: =+ROUND(D45*E45,2) -> 0
A46: III-26 | B46: Ponçage et lustrage du revêtement granito poli existant y compris plinthes | C46: M² | D46: =+métré!I179 -> 251 | F46: =+ROUND(D46*E46,2) -> 0
B47: SOUS TOTAL III- Travaux de constructions et d'aménagement | F47: =SUM(F21:F46) -> 0
B48: IV- FAUX PLAFOND
A49: IV-1 | B49: Fourniture et pose faux plafond modulaire 60 x 60 cm en plâtre allégé | C49: M² | D49: =+métré!I196 -> 150 | F49: =+ROUND(D49*E49,2) -> 0
A50: IV-2 | B50: Fourniture et pose des trappes de visite 60 x 60 cm pour faux plafond en plâtre lisse | C50: U | D50: 1 | F50: =+ROUND(D50*E50,2) -> 0
A51: IV-3 | B51: Fourniture et pose des trappes de visite 30 x 30 cm pour faux plafond en plâtre lisse | C51: U | D51: 3 | F51: =+ROUND(D51*E51,2) -> 0
B52: SOUS TOTAL IV- FAUX PLAFOND | F52: =SUM(F49:F51) -> 0
B53: V- ÉLECTRICITÉ COURANTS FORTS
B54: BRANCHEMENT REGIE ET ALIMENTATIONS ELETRIQUES
A55: V-1 | B55: Remplacement du coffret de comptage et branchement | C55: ENS | D55: 1 | F55: =+ROUND(D55*E55,2) -> 0
A56: V-2 | B56: Cable 5G16 mm2 U1000RO2V | C56: ML | D56: 10 | F56: =+ROUND(D56*E56,2) -> 0
A57: V-3 | B57: Mise à la terre | C57: ENS | D57: 1 | F57: =+ROUND(D57*E57,2) -> 0
B58: TABLEAUX ELECTRIQUES
A59: V-4 | B59: Fourniture et pose d'un nouveau tableau électrique pour la protection de tous les équipements selon plan du bureau d'étude. | C59: ENS | D59: 1 | F59: =+ROUND(D59*E59,2) -> 0
B60: ALIMENTATIONS ELECTRIQUES DES LUMINAIRES ET PRISES
A61: V-5 | B61: Foyers lumineux en câble 3G1,5 mm² y compris tubage isogris diam 16 | C61: U | D61: =+métré!I224 -> 23 | F61: =+ROUND(D61*E61,2) -> 0
A62: V-6 | B62: Foyers lumineux supplémentaires dans les faux plafonds en câble 3G1,5 mm² y compris tubage isogris diam 16 | C62: U | D62: =+métré!I251 -> 128 | F62: =+ROUND(D62*E62,2) -> 0
A63: V-7 | B63: Foyers des prises de courants 2P+T encastrés dans les murs en câble 3G2,5 mm² et tubage isogris diam 16 depuis le tableau électrique | C63: U | D63: =+métré!I280 -> 26 | F63: =+ROUND(D63*E63,2) -> 0
A64: V-8 | B64: Foyers prises de courants 2P+T supplémentaires encastrés dans les murs en câble 3G2,5 mm² et tubage isogris diam 16 depuis le foyer prise principal | C64: U | D64: =+métré!I309 -> 167 | F64: =+ROUND(D64*E64,2) -> 0
A65: V-9 | B65: Alimentations électriques en câble 3 x 2,5 mm² U1000RO2V depuis le tableau électrique y compris tubage isogris diam 20 | C65: ML | D65: =+métré!I329 -> 17 | F65: =+ROUND(D65*E65,2) -> 0
A66: V-10 | B66: Alimentations électriques en câble 3 x 1,5 mm² U1000RO2V depuis le tableau électrique y compris tubage isogris diam 16 | C66: ML | D66: 3 | F66: =+ROUND(D66*E66,2) -> 0
A67: V-11 | B67: Fourniture et pose Boîte de dérivation principale | C67: U | D67: 17 | F67: =+ROUND(D67*E67,2) -> 0
A68: V-12 | B68: Fourniture et pose Boîte de dérivation secondaire | C68: U | D68: 32 | F68: =+ROUND(D68*E68,2) -> 0
B69: ECLAIRAGE DE SECURITE
A70: V-13 | B70: Bloc de balisage de sécurité 70 lumens | C70: U | D70: 3 | F70: =+ROUND(D70*E70,2) -> 0
A71: V-14 | B71: Bloc de secours d'ambiance 350 lumens | C71: U | D71: 3 | F71: =+ROUND(D71*E71,2) -> 0
B72: APPREILLAGE
A73: V-15 | B73: Interrupteur simple allumage | C73: U | D73: =+métré!I346 -> 18 | F73: =+ROUND(D73*E73,2) -> 0
A74: V-16 | B74: Interrupteur double allumage | C74: U | D74: =+métré!I357 -> 7 | F74: =+ROUND(D74*E74,2) -> 0
A75: V-17 | B75: Interrupteur va et vient | C75: U | D75: 4 | F75: =+ROUND(D75*E75,2) -> 0
A76: V-18 | B76: Prise de courant 2P+T 16A | C76: U | D76: =+métré!I384 -> 190 | F76: =+ROUND(D76*E76,2) -> 0
A77: V-19 | B77: Interrupteur crépusculaire | C77: U | D77: 2 | F77: =+ROUND(D77*E77,2) -> 0
B78: LUSTRERIE
A79: V-20 | B79: Luminaire carré de 60 x 60 cm encastré avec lampe led 3630 lumens | C79: U | D79: =+métré!I397 -> 54 | F79: =+ROUND(D79*E79,2) -> 0
A80: V-21 | B80: Spot panel led rond encastré led 1530 lumens | C80: U | D80: =+métré!I406 -> 45 | F80: =+ROUND(D80*E80,2) -> 0
A81: V-22 | B81: Spot led rond encastré avec lampe led GU 10 -575 lumens | C81: U | D81: 9 | F81: =+ROUND(D81*E81,2) -> 0
A82: V-23 | B82: Spot led rond encastré étanche avec lampe 400 lumens | C82: U | D82: 20 | F82: =+ROUND(D82*E82,2) -> 0
A83: V-24 | B83: Hublot avec lampe led 11 watt E27, 1500 lumens | C83: U | D83: 25 | F83: =+ROUND(D83*E83,2) -> 0
A84: V-25 | B84: Projecteur solaire led 10 000 lumens | C84: U | D84: 6 | F84: =+ROUND(D84*E84,2) -> 0
B85: SOUS TOTAL V- ÉLECTRICITÉ COURANTS FORTS | F85: =SUM(F55:F84) -> 0
B86: VI. - PRECABLAGE CAT 6A INFORMATIQUE ET TELEPHONIQUE
A87: VI-1 | B87: Armoire de brassage 19" 42U L800 P1000 | C87: U | D87: 1 | F87: =+ROUND(D87*E87,2) -> 0
A88: VI-2 | B88: Panneaux de brassage 24 ports CAT 6A FTP informatique et téléphonique avec son passe fil et balai | C88: U | D88: 4 | F88: =+ROUND(D88*E88,2) -> 0
A89: VI-3 | B89: Prises RJ45 cat 6A FTP | C89: U | D89: =+métré!I439 -> 89 | F89: =+ROUND(D89*E89,2) -> 0
A90: VI-4 | B90: Cable RJ45 CAT6A FTP posé en encastré dans les murs | C90: ML | D90: =+métré!I484 -> 1960 | F90: =+ROUND(D90*E90,2) -> 0
A91: VI-5 | B91: Cordon de liaisons cat 6A FTP 3 ML | C91: U | D91: =+D89 -> 89 | F91: =+ROUND(D91*E91,2) -> 0
A92: VI-6 | B92: Cordon de brassage cat 6A FTP 1,5 ML | C92: U | D92: =+D89 -> 89 | F92: =+ROUND(D92*E92,2) -> 0
A93: VI-7 | B93: Cable téléphonique armé 28 paires sous gaine métalloplastique | C93: ML | D93: 35 | F93: =+ROUND(D93*E93,2) -> 0
A94: VI-8 | B94: Répartiteur téléphonique 14 paires | C94: U | D94: 1 | F94: =+ROUND(D94*E94,2) -> 0
A95: VI-9 | B95: Onduleur on-line 1600 VA monophasé | C95: U | D95: 1 | F95: =+ROUND(D95*E95,2) -> 0
A96: VI-10 | B96: Onduleur on-line 500 VA monophasé | C96: U | D96: 18 | F96: =+ROUND(D96*E96,2) -> 0
A97: VI-11 | B97: Cordons de liaisons électrique 2P+T- Male/Male | C97: U | D97: 20 | F97: =+ROUND(D97*E97,2) -> 0
B98: SOUS TOTAL VI- PRECABLAGE CAT6A INFORMATIQUE/TELEPHONIQUE | F98: =SUM(F87:F97) -> 0
B99: VII-CLIMATISATION -VMC
A100: VII-1 | B100: Déplacement Split système inverter type mural en 407 C ou 410 ; 9000 BTU | C100: U | D100: 1 | F100: =+ROUND(D100*E100,2) -> 0
A101: VII-2 | B101: Split système inverter type mural en 407 C ou 410 ; 12000 BTU | C101: U | D101: =+métré!I499 -> 7 | F101: =+ROUND(D101*E101,2) -> 0
A102: VII-3 | B102: Split système inverter type mural en 407 C ou 410 ; 9000 BTU | C102: U | D102: =+métré!I505 -> 3 | F102: =+ROUND(D102*E102,2) -> 0
A103: VII-4 | B103: Split système inverter type cassette en 407 C ou 410 ; 12000 BTU | C103: U | D103: =+métré!I510 -> 3 | F103: =+ROUND(D103*E103,2) -> 0
...

Sheet métré
A3: Métré estimatif des travaux
A4: N° | B4: DESIGNATION | C4: Nb | D4: Long | E4: Larg. | F4: Haut | G4: Aux | H4: Total | I4: Total | J4: U
B6: =+'Bordereau estimatif'!B6 -> I-Travaux préliminaires d’aménagement
A7: =+'Bordereau estimatif'!A8 -> I-2 | B7: =+'Bordereau estimatif'!B8 -> Dépose des revêtement des murs des sanitaires et cuisine
B8: murs sanitaire privé | C8: 1 | D8: 6.5 | E8: 1 | F8: 2.2 | G8: =ROUND(+C8*D8*F8*E8,2) -> 14.3
B9: déduction porte | C9: -1 | D9: 0.8 | E9: 1 | F9: 2.1 | G9: =ROUND(+C9*D9*F9*E9,2) -> -1.68
B10: murs sanitaire femmes | C10: 1 | D10: 7 | E10: 1 | F10: 2.2 | G10: =ROUND(+C10*D10*F10*E10,2) -> 15.4
B11: déduction porte | C11: -1 | D11: 0.8 | E11: 1 | F11: 2.1 | G11: =ROUND(+C11*D11*F11*E11,2) -> -1.68
B12: mur sanitaires hommes | C12: 1 | D12: 7.8 | E12: 1 | F12: 2.2 | G12: =ROUND(+C12*D12*F12*E12,2) -> 17.16
C13: 1 | D13: 6 | E13: 1 | F13: 2.2 | G13: =ROUND(+C13*D13*F13*E13,2) -> 13.2
C14: 1 | D14: 5 | E14: 1 | F14: 2.2 | G14: =ROUND(+C14*D14*F14*E14,2) -> 11
B15: déduction porte | C15: -5 | D15: 0.8 | E15: 1 | F15: 2.1 | G15: =ROUND(+C15*D15*F15*E15,2) -> -8.4
B16: murs crédance cuisine | C16: 1 | D16: 3 | E16: 1 | F16: 0.6 | G16: =ROUND(+C16*D16*F16*E16,2) -> 1.8
H17: =SUM(G8:G17) -> 61.1
I18: =ROUND(SUM(H17:H18),2) -> 61.1 | J18: M²
E19: Majoration 10 % | I19: =+ROUND(I18*1.1,0) -> 67 | J19: M²
A20: =+'Bordereau estimatif'!A9 -> I-3 | B20: =+'Bordereau estimatif'!B9 -> Dépose des revêtements des sols des sanitaires et cuisine y compris forme
B21: sol sanitaire privé | C21: 1 | D21: 2 | E21: 1 | F21: 1 | G21: =ROUND(+C21*D21*F21*E21,2) -> 2
B22: sol sanitaire du personnel | C22: 1 | D22: 8 | E22: 1 | F22: 1 | G22: =ROUND(+C22*D22*F22*E22,2) -> 8
B23: sol cuisine | C23: 1 | D23: 12 | E23: 1 | F23: 1 | G23: =ROUND(+C23*D23*F23*E23,2) -> 12
H24: =SUM(G21:G24) -> 22
I25: =ROUND(SUM(H24:H25),2) -> 22 | J25: M²
E26: Majoration 10 % | I26: =+ROUND(I25*1.1,0) -> 24 | J26: M²
A27: =+'Bordereau estimatif'!A10 -> I-4 | B27: =+'Bordereau estimatif'!B10 -> Démolition des murs d'épaisseur 10 cm y compris évacuation
B28: murs placars secrétariat | C28: 1 | D28: 1 | E28: 1 | F28: 3.5 | G28: =ROUND(+C28*D28*F28*E28,2) -> 3.5
B29: murs placars bureau 1 | C29: 1 | D29: 1 | E29: 1 | F29: 3.5 | G29: =ROUND(+C29*D29*F29*E29,2) -> 3.5
B30: murs placars bureau 2 | C30: 1 | D30: 1 | E30: 1 | F30: 3.5 | G30: =ROUND(+C30*D30*F30*E30,2) -> 3.5
B31: murs placars bureau 3 | C31: 1 | D31: 1 | E31: 1 | F31: 3.5 | G31: =ROUND(+C31*D31*F31*E31,2) -> 3.5
B32: murs placars cuisine | C32: 1 | D32: 1 | E32: 1 | F32: 3.5 | G32: =ROUND(+C32*D32*F32*E32,2) -> 3.5
B33: murs placars fondé de pouvoir 1 | C33: 1 | D33: 1 | E33: 1 | F33: 3.5 | G33: =ROUND(+C33*D33*F33*E33,2) -> 3.5
B34: murs placars fondé de pouvoir 2 | C34: 1 | D34: 1 | E34: 1 | F34: 3.5 | G34: =ROUND(+C34*D34*F34*E34,2) -> 3.5
B35: ouverture pour porte | C35: 1 | D35: 1 | E35: 1 | F35: 2.2 | G35: =ROUND(+C35*D35*F35*E35,2) -> 2.2
H36: =SUM(G28:G36) -> 26.7
I37: =ROUND(SUM(H36:H37),2) -> 26.7 | J37: M²
E38: Majoration 10 % | I38: =+ROUND(I37*1.1,0) -> 29 | J38: M²
A39: =+'Bordereau estimatif'!A11 -> I-5 | B39: =+'Bordereau estimatif'!B11 -> Démolition des dalettes ,paillasses et renformis de placards
B40: placars secrétariat | C40: 2 | D40: 2.7 | E40: 0.6 | F40: 1 | G40: =ROUND(+C40*D40*F40*E40,2) -> 3.24
B41: placars bureau 1 | C41: 2 | D41: 2.7 | E41: 0.6 | F41: 1 | G41: =ROUND(+C41*D41*F41*E41,2) -> 3.24
B42: placars bureau 2 | C42: 2 | D42: 1.7 | E42: 0.6 | F42: 1 | G42: =ROUND(+C42*D42*F42*E42,2) -> 2.04
B43: placars bureau 3 | C43: 2 | D43: 1.7 | E43: 0.6 | F43: 1 | G43: =ROUND(+C43*D43*F43*E43,2) -> 2.04
B44: placars cuisine | C44: 2 | D44: 0.9 | E44: 0.6 | F44: 1 | G44: =ROUND(+C44*D44*F44*E44,2) -> 1.08
C45: 2 | D45: 1.7 | E45: 0.6 | F45: 1 | G45: =ROUND(+C45*D45*F45*E45,2) -> 2.04
B46: paillase cuisine | C46: 1 | D46: 3.6 | E46: 0.6 | F46: 1 | G46: =ROUND(+C46*D46*F46*E46,2) -> 2.16
B47: placars fondé de pouvoir 1 | C47: 2 | D47: 1.9 | E47: 0.6 | F47: 1 | G47: =ROUND(+C47*D47*F47*E47,2) -> 2.28
C48: 2 | D48: 2.6 | E48: 0.6 | F48: 1 | G48: =ROUND(+C48*D48*F48*E48,2) -> 3.12
B49: placars fondé de pouvoir 2 | C49: 2 | D49: 2.7 | E49: 0.6 | F49: 1 | G49: =ROUND(+C49*D49*F49*E49,2) -> 3.24
H50: =SUM(G40:G50) -> 24.48
I51: =ROUND(SUM(H50:H51),2) -> 24.48 | J51: M²
E52: Majoration 10 % | I52: =+ROUND(I51*1.1,0) -> 27 | J52: M²
B54: =+'Bordereau estimatif'!B20 -> III-Travaux de constructions et d'aménagement
A55: =+'Bordereau estimatif'!A21 -> III-1 | B55: =+'Bordereau estimatif'!B21 -> Construction cloisons en briques creuses de 7 cm y compris enduit de ciment
B56: Doublement muret comptoir | C56: 1 | D56: 11 | E56: 1 | F56: 1.1 | G56: =ROUND(+C56*D56*F56*E56,2) -> 12.1
B57: construction sanitaire gardien | C57: 1 | D57: 4 | E57: 1 | F57: 3 | G57: =ROUND(+C57*D57*F57*E57,2) -> 12
H58: =SUM(G56:G58) -> 24.1
I59: =ROUND(SUM(H58:H59),2) -> 24.1 | J59: M²
E60: Majoration 10 % | I60: =+ROUND(I59*1.1,0) -> 27 | J60: M²
A61: =+'Bordereau estimatif'!A23 -> III-3 | B61: =+'Bordereau estimatif'!B23 -> Revêtement mural en carreaux grés Céram de 30 x 60 cm
B62: murs sanitaire privé | C62: 1 | D62: 6.5 | E62: 1 | F62: 2.2 | G62: =ROUND(+C62*D62*F62*E62,2) -> 14.3
B63: déduction porte | C63: -1 | D63: 0.8 | E63: 1 | F63: 2.1 | G63: =ROUND(+C63*D63*F63*E63,2) -> -1.68
B64: murs sanitaire femmes | C64: 1 | D64: 7 | E64: 1 | F64: 2.2 | G64: =ROUND(+C64*D64*F64*E64,2) -> 15.4
B65: déduction porte | C65: -1 | D65: 0.8 | E65: 1 | F65: 2.1 | G65: =ROUND(+C65*D65*F65*E65,2) -> -1.68
B66: mur sanitaires hommes | C66: 1 | D66: 7.8 | E66: 1 | F66: 2.2 | G66: =ROUND(+C66*D66*F66*E66,2) -> 17.16
C67: 1 | D67: 6 | E67: 1 | F67: 2.2 | G67: =ROUND(+C67*D67*F67*E67,2) -> 13.2
C68: 1 | D68: 5 | E68: 1 | F68: 2.2 | G68: =ROUND(+C68*D68*F68*E68,2) -> 11
B69: déduction porte | C69: -5 | D69: 0.8 | E69: 1 | F69: 2.1 | G69: =ROUND(+C69*D69*F69*E69,2) -> -8.4
B70: murs crédance cuisine | C70: 1 | D70: 3 | E70: 1 | F70: 0.6 | G70: =ROUND(+C70*D70*F70*E70,2) -> 1.8
H71: =SUM(G62:G71) -> 61.1
I72: =ROUND(SUM(H71:H72),2) -> 61.1 | J72: M²
E73: Majoration 10 % | I73: =+ROUND(I72*1.1,0) -> 67 | J73: M²
A74: =+'Bordereau estimatif'!A24 -> III-4 | B74: =+'Bordereau estimatif'!B24 -> Revêtement du sol en carreaux grés Céram de 30 x 30 cm anti dérapants
B75: sol sanitaire privé | C75: 1 | D75: 2 | E75: 1 | F75: 1 | G75: =ROUND(+C75*D75*F75*E75,2) -> 2
B76: sol sanitaire du personnel | C76: 1 | D76: 8 | E76: 1 | F76: 1 | G76: =ROUND(+C76*D76*F76*E76,2) -> 8
B77: sol cuisine | C77: 1 | D77: 12 | E77: 1 | F77: 1 | G77: =ROUND(+C77*D77*F77*E77,2) -> 12
H78: =SUM(G75:G78) -> 22
I79: =ROUND(SUM(H78:H79),2) -> 22 | J79: M²
E80: Majoration 10 % | I80: =+ROUND(I79*1.1,0) -> 24 | J80: M²
A81: =+'Bordereau estimatif'!A31 -> III-11 | B81: =+'Bordereau estimatif'!B31 -> Fourniture et pose de stores en tissu à enroulement
B82: fenétres bureau TP | C82: 2 | D82: 1.1 | E82: 1 | F82: 2.2 | G82: =ROUND(+C82*D82*F82*E82,2) -> 4.84
C83: 2 | D83: 1.3 | E83: 1 | F83: 1.5 | G83: =ROUND(+C83*D83*F83*E83,2) -> 3.9
B84: fenétres secrétariat | C84: 1 | D84: 1.3 | E84: 1 | F84: 1.5 | G84: =ROUND(+C84*D84*F84*E84,2) -> 1.95
B85: fenétres hall | C85: 6 | D85: 0.8 | E85: 1 | F85: 2.5 | G85: =ROUND(+C85*D85*F85*E85,2) -> 12
B86: fenétres bureaux 1 | C86: 4 | D86: 1.3 | E86: 1 | F86: 1.5 | G86: =ROUND(+C86*D86*F86*E86,2) -> 7.8
B87: fenétres bureaux 2 | C87: 1 | D87: 1.6 | E87: 1 | F87: 1.5 | G87: =ROUND(+C87*D87*F87*E87,2) -> 2.4
B88: fenétres bureaux 3 | C88: 1 | D88: 1.6 | E88: 1 | F88: 1.5 | G88: =ROUND(+C88*D88*F88*E88,2) -> 2.4
B89: fenétres bureaux 4 | C89: 1 | D89: 1.6 | E89: 1 | F89: 1.5 | G89: =ROUND(+C89*D89*F89*E89,2) -> 2.4
B90: cuisine | C90: 1 | D90: 1.1 | E90: 1 | F90: 1.4 | G90: =ROUND(+C90*D90*F90*E90,2) -> 1.54
C91: 1 | D91: 1 | E91: 1 | F91: 2.4 | G91: =ROUND(+C91*D91*F91*E91,2) -> 2.4
B92: fenétres bureaux 5 | C92: 1 | D92: 1.1 | E92: 1 | F92: 1.5 | G92: =ROUND(+C92*D92*F92*E92,2) -> 1.65
H93: =SUM(G82:G93) -> 43.28
I94: =ROUND(SUM(H93:H94),2) -> 43.28 | J94: M²
E95: Majoration 5 % | I95: =+ROUND(I94*1.05,0) -> 45 | J95: M²
A96: =+'Bordereau estimatif'!A32 -> III-12 | B96: =+'Bordereau estimatif'!B32 -> Réfection peinture glycérophtalique mat sur bois des portes
B97: portes des bureaux | C97: 20 | D97: 1 | E97: 2 | F97: 2.2 | G97: =ROUND(+C97*D97*F97*E97,2) -> 88
H98: =SUM(G97:G98) -> 88
I99: =ROUND(SUM(H98:H99),2) -> 88 | J99: M²
E100: Majoration 5 % | I100: =+ROUND(I99*1.05,0)+1 -> 93 | J100: M²
A101: =+'Bordereau estimatif'!A33 -> III-13 | B101: =+'Bordereau estimatif'!B33 -> Réfection peinture glycérophtalique sur ferronnerie,
B102: porte d'entrée principale | C102: 2 | D102: 1.8 | E102: 1 | F102: 2.5 | G102: =ROUND(+C102*D102*F102*E102,2) -> 9
B103: porte garage extèrieure | C103: 2 | D103: 2.4 | E103: 1 | F103: 2.2 | G103: =ROUND(+C103*D103*F103*E103,2) -> 10.56
B104: porte d'entrée principale extèrieure | C104: 2 | D104: 2.4 | E104: 1 | F104: 2.2 | G104: =ROUND(+C104*D104*F104*E104,2) -> 10.56
...
